 Dungeon Crawl Stone Soup version 0.26-a0-738-g91b530ce93 (webtiles) character file.

Game seed: 151439357538154529

238298 Lysie the Hoplite (level 18, -7/166 HPs)
             Began as a Minotaur Fighter on Nov 4, 2020.
             Was the Champion of Okawaru.
             Killed from afar by a lich (52 damage)
             ... with an iron shot
             ... on level 2 of the Depths on Nov 5, 2020.
             The game lasted 02:18:10 (39919 turns).

Lysie the Hoplite (Minotaur Fighter)               Turns: 39919, Time: 02:18:11

Health: -7/166     AC: 17    Str: 38    XL:     18   Next: 99%
Magic:  17/17      EV: 26    Int:  6    God:    Okawaru [******]
Gold:   2696       SH: 20    Dex: 18    Spells: 17/17 levels left

rFire    + . .     SeeInvis +   N - +11 war axe of Bile {elec, MR+}
rCold    + + .     Faith    .   c - +1 kite shield
rNeg     + . .     Spirit   .   i - +3 ring mail "Ylimeitwu" {-Cast rElec Str+7 Stlth+}
rPois    .         Reflect  .   A - +1 hat {SInv}
rElec    +         Harm     .   J - scarf {rC+ rF+}
rCorr    .         Rampage  +   X - +0 pair of gloves of Tufumn {Slay+2}
MR       ++...     NoCast   +   U - +2 pair of boots {rampage}
Stlth    ++........             l - amulet of the acrobat
HPRegen  0.37/turn              v - ring of Cesoc {rN+ Str+6 Dex+2}
MPRegen  0.15/turn              s - ring "Ziecil" {rElec rC+ Dex+3}

@: no status effects
A: retaliatory headbutt, horns 2
}: 1/15 runes: serpentine
a: Heroism, Finesse, Renounce Religion


You were on level 2 of the Depths.
You worshipped Okawaru.
Okawaru was exalted by your worship.
You visited 6 branches of the dungeon, and saw 30 of its levels.
You also visited: Ossuary, Gauntlet and Ice Cave.

You collected 4602 gold pieces.
You spent 1906 gold pieces at shops.

Inventory:

Hand Weapons
 r - the +7 glaive of Brawling {holy, Str+3 SInv Stlth+}
   (You bought it in a shop on level 1 of the Depths)

   It has been blessed by the Shining One to cause great damage to the undead
   and demons.
   It affects your strength (+3).
   It lets you see invisible.
   It makes you more stealthy.
 M - the +9 war axe "Poschyl" {flame, rElec MR+ Int+4}
   (Okawaru gifted it to you on level 2 of the Orcish Mines)

   It has been specially enchanted to burn those struck by it, causing extra
   injury to most foes and up to half again as much damage against particularly
   susceptible opponents.
   Big, fiery blades are also staple armaments of hydra-hunters.
   It affects your intelligence (+4).
   It insulates you from electricity.
   It affects your resistance to hostile enchantments.
 N - the +11 war axe of Bile (weapon) {elec, MR+}
   (You bought it in a shop on level 14 of the Dungeon)

   Occasionally, upon striking a foe, it will discharge some electrical energy
   and cause terrible harm.
   It affects your resistance to hostile enchantments.
Missiles
 a - 8 boomerangs of dispersal (quivered)
 j - 3 throwing nets
Armour
 c - a +1 kite shield (worn)
 i - the +3 ring mail "Ylimeitwu" (worn) {-Cast rElec Str+7 Stlth+}
   (You acquired it on level 9 of the Dungeon)

   It affects your strength (+7).
   It insulates you from electricity.
   It prevents spellcasting.
   It makes you more stealthy.
 k - the +1 pair of gloves of the Lizard {rC+ Dex+4 Stlth+}
   (Okawaru gifted it to you on level 11 of the Dungeon)

   It affects your dexterity (+4).
   It protects you from cold.
   It makes you more stealthy.
 A - a +1 hat of see invisible (worn)
 J - a scarf of resistance (worn)
 O - the +1 cloak of the Vanishing Shrikes {Rampage rN+ Dex-2}
   (You acquired it on level 15 of the Dungeon)

   It affects your dexterity (-2).
   It protects you from negative energy.
   It bestows one free step when moving towards enemies.
 R - the +4 scale mail of Freedom {Rampage rF+}
   (Okawaru gifted it to you on level 15 of the Dungeon)

   It protects you from fire.
   It bestows one free step when moving towards enemies.
 S - the +7 chain mail "Lige" {rC+}
   (You found it on level 1 of the Snake Pit)

   It protects you from cold.
 U - a +2 pair of boots of rampaging (worn)
 X - the +0 pair of gloves of Tufumn (worn) {Slay+2}
   (Okawaru gifted it to you on level 2 of the Snake Pit)

   It affects your accuracy and damage with ranged weapons and melee attacks
   (+2).
Jewellery
 l - an amulet of the acrobat (around neck)
 s - the ring "Ziecil" (right hand) {rElec rC+ Dex+3}
   (You found it in a Gauntlet)

   [ring of protection from cold]

   It affects your dexterity (+3).
   It protects you from cold.
   It insulates you from electricity.
 v - the ring of Cesoc (left hand) {rN+ Str+6 Dex+2}
   (You bought it in a shop on level 1 of the Depths)

   [ring of positive energy]

   It affects your strength (+6).
   It affects your dexterity (+2).
   It protects you from negative energy.
 F - an uncursed ring of wizardry
 P - the ring "Exzonit" {+Blink +Inv Str+6 Int-5}
   (You found it on level 14 of the Dungeon)

   [ring of strength]

   It affects your strength (+6).
   It affects your intelligence (-5).
   It lets you turn invisible.
   It lets you blink.
 Q - an uncursed ring of flight
Wands
 t - a wand of disintegration (13)
 L - a wand of digging (9)
Scrolls
 b - 6 scrolls of enchant weapon
 f - 3 scrolls of summoning
 h - 5 scrolls of fog
 q - a scroll of brand weapon
 u - a scroll of amnesia
 w - 13 scrolls of teleportation
 y - 9 scrolls of fear
 D - 2 scrolls of holy word {unknown}
 E - 4 scrolls of blinking
 H - 7 scrolls of identify
 I - 4 scrolls of enchant armour
 K - 12 scrolls of remove curse
 W - 3 scrolls of silence
Potions
 d - 5 potions of might
 e - 7 potions of haste
 g - 14 potions of curing
 m - 3 potions of berserk rage
 n - 5 potions of stabbing
 o - a potion of ambrosia
 p - 2 potions of magic
 x - 5 potions of heal wounds
 z - 10 potions of flight
 B - 5 potions of invisibility
 C - 4 potions of cancellation
 T - a potion of resistance


   Skills:
 - Level 16.0 Fighting
 - Level 16.6 Axes
 - Level 15.2 Armour
 - Level 17.9 Dodging
 * Level 21.9 Shields


You had 17 spell levels left.
You didn't know any spells.
Your spell library contained the following spells:

 Spells                   Type           Power        Failure   Level
 Apportation              Tloc           #.....       52%         1
 Corona                   Hex            #......      52%         1
 Magic Dart               Conj           #...         52%         1
 Sandblast                Erth           #.....       52%         1
 Sting                    Tmut/Pois      #...         52%         1
 Summon Small Mammal      Summ           #...         52%         1
 Blink                    Tloc           N/A          65%         2
 Call Imp                 Summ           #.......     65%         2
 Passwall                 Tmut/Erth      #.......     65%         2
 Poisonous Vapours        Pois/Air       #.....       65%         2
 Slow                     Hex            #.......     65%         2
 Call Canine Familiar     Summ           #.......     87%         3
 Conjure Flame            Conj/Fire      #.......     87%         3
 Ignite Poison            Fire/Tmut/Pois #.......     87%         3
 Inner Flame              Hex/Fire       #.......     87%         3
 Lesser Beckoning         Tloc           #.........   87%         3
 Mephitic Cloud           Conj/Pois/Air  #.......     87%         3
 Portal Projectile        Hex/Tloc       #.....       87%         3
 Stone Arrow              Conj/Erth      #.....       87%         3
 Summon Guardian Golem    Hex/Summ       #.......     87%         3
 Tukima's Dance           Hex            #.......     87%         3
 Cause Fear               Hex            #.........   99%         4
 Ice Form                 Ice/Tmut       #.......     99%         4
 Leda's Liquefaction      Hex/Erth       #.........   99%         4
 Olgreb's Toxic Radiance  Pois           #.......     99%         4
 Petrify                  Tmut/Erth      #.......     99%         4
 Summon Ice Beast         Ice/Summ       #.......     99%         4
 Summon Lightning Spire   Summ/Air       #.......     99%         4
 Alistair's Intoxication  Tmut/Pois      #........    100%        5
 Lee's Rapid Deconstruct  Erth           #.........   100%        5
 Metabolic Englaciation   Hex/Ice        #.........   100%        5
 Freezing Cloud           Conj/Ice/Air   #.........   100%        6
 Invisibility             Hex            #.......     100%        6
 Ozocubu's Refrigeration  Ice            #.........   100%        6
 Simulacrum               Ice/Necr       #.........   100%        6
 Haunt                    Necr/Summ      #.........   100%        7
 Borgnjor's Revivificati  Necr           #.........   100%        8
 Infestation              Necr           #.........   100%        8
 Necromutation            Tmut/Necr      #.........   100%        8
 Death's Door             Necr           #.........   100%        9


Dungeon Overview and Level Annotations

Branches:
Dungeon (15/15)            Temple (1/1) D:5            Lair (6/6) D:8
  Swamp (0/4) Lair:2        Snake (4/4) Lair:4        Slime (0/5) Lair:6
    Orc (2/2) D:9             Elf (0/3) Orc:2        Vaults (0/5) D:14
 Depths (2/5) D:15        Ossuary (visited)           IceCv (visited)
Gauntlet (visited)

Altars:
Ashenzari
Cheibriados
Dithmenos
Elyvilon
Fedhas
Gozag
Hepliaklqana
Kikubaaqudgha
Makhleb
Nemelex Xobeh
Okawaru
Qazlal
Ru
Sif Muna
Trog
Uskayaw
Vehumet
Wu Jian
Xom
Yredelemnul
Zin
The Shining One
Beogh

Shops:
D:7 (   D:9 ([   D:10 *   D:14 (   Orc:1 *   Orc:2 :=[:   Snake:4 *
Depths:1 }=}(

Portals:
Hell: Depths:1 Depths:2

Annotations:
D:14 Roxanne


Innate Abilities, Weirdness & Mutations

You reflexively headbutt those who attack you in melee.
You have a pair of horns on your head.


Message History

The hellwing is almost dead.
You hit the lich. You slash the orc high priest!
The orc high priest mumbles some strange prayers to Beogh against you.
You resist with almost no effort.
The hellwing hits you but does no damage.
The hellwing barely misses you.
The vampire mage gestures wildly while chanting.
The vampire mage flickers and vanishes for a moment.
You slash the hellwing!
Lightning courses through the hellwing!!
You kill the hellwing!
You slash the orc high priest!
Lightning courses through the orc high priest!
You kill the orc high priest!
Okawaru accepts your kill.
The red devil disappears in a puff of smoke!
You barely miss the lich. The lich casts a spell at you.
The iron shot hits you!!!
You die...

###......## ##....##
##[...# ###.....##
[##..##.. ##..#+
#..)...## ..####..#
####) (...)###
#..##..#. #.. ..#.#..#
#..''...# #.. #####..#
#V.c2.. #.. ..# #.§c'
#.. ..# ##eL# #.. #.#
##.@#### ####/ ..
#..(#..## ##..#' ..
#..N.##)...## ##...)#
##..#+......##
##......
####....#...###...!...
#....#.#...#..##..##
#..##[.#...+..#.(..#
#....(..#.)#).......
#..##..#.).)..#...^#


You could see a lich (invisible), a yaktaur captain, a salamander mystic, a
vampire mage (invisible), a deep elf archer (repels missiles), a yaktaur and a
tormentor (summoned).

Vanquished Creatures
  A lich (Depths:1)
  The ghost of Lysie the Severer, an adept MiFi of Okawaru (Snake:4)
  Kirke (D:15)
  2 fire giants
  16 nagarajas
  2 frost giants (Depths:1)
  The ghost of twist the Fencer, a journeyman MiMo of Hepliaklqana (Snake:1)
  The ghost of hemabe71 the Covert, an adept HuAr of Trog (D:14)
  An orc warlord (Orc:2)
  A balrug (Depths:1)
  A stone giant (Depths:1)
  A black draconian (Depths:2)
  Nessos (D:14)
  2 minotaurs
  A red draconian (Depths:2)
  4 ettins
  Snorg (D:10)
  A fire dragon (Depths:1)
  A mummy priest (Depths:2)
  An ogre mage (D:15)
  Fannar (D:12)
  Josephine (D:11)
  3 rakshasas
  A yaktaur captain (Depths:2)
  A vault guard (D:14)
  14 hydras
  27 naga warriors
  The ghost of Veteran the Thaumaturge, a journeyman DECj of Vehumet (Lair:4)
  Harold (Lair:1)
  Erica (D:10)
  7 boulder beetles
  13 anacondas
  A death knight (D:15)
  4 centaur warriors
  A tengu warrior (D:15)
  3 two-headed ogres (D:15)
  3 orc high priests (Depths:2)
  3 spriggan berserkers (Depths:2)
  A dancing weapon (Snake:1)
  19 naga sharpshooters
  8 shock serpents
  2 sun demons (Depths:1)
  6 skeletal warriors (D:15)
  3 salamander mystics (Snake:3)
  A sixfirhy (Gauntlet)
  2 deep trolls (Depths:2)
  A glowing orange brain (Depths:1)
  3 phantasmal warriors
  7 naga ritualists
  4 unseen horrors
  A bog body (Lair:2)
  A wizard (Depths:2)
  An obsidian statue (Snake:4)
  A harpy (Depths:2)
  5 lindwurms
  9 mana vipers
  A wolf spider (Lair:6)
  11 orc knights
  An orb spider (shapeshifter) (Depths:1)
  4 deep elf magi
  3 necromancers
  8 orc sorcerers
  A wolf spider zombie (D:15)
  9 salamanders
  23 ugly things
  6 cyclopes
  3 manticores
  5 elephants (Lair:3)
  30 black mambas
  13 naga magi
  4 ice statues (IceCv)
  9 guardian serpents
  2 torpor snails
  Joseph (D:7)
  20 cane toads
  3 gargoyles
  A minotaur zombie (Gauntlet)
  8 komodo dragons
  2 efreet
  4 kobold demonologists
  A yaktaur (Depths:1)
  3 rime drakes
  5 trolls
  A polar bear (shapeshifter) (D:14)
  4 polar bears
  3 meliai (Gauntlet)
  A troll (shapeshifter) (D:12)
  12 ice devils
  A wind drake (shapeshifter) (D:13)
  Prince Ribbit (D:7)
  3 hornets (Lair:6)
  A harpy skeleton (D:14)
  2 slime creatures (Lair:6)
  8 blink frogs
  11 dream sheep
  4 redbacks (Lair:6)
  5 wraiths
  A vampire (Depths:2)
  45 yaks
  3 water elementals
  11 wyverns
  10 humans (D:14)
  3 vampire mosquitoes
  4 basilisks
  3 hogs (D:15)
  7 wargs
  26 water moccasins
  84 nagas
  3 black bears
  A hornet zombie (D:12)
  4 sky beasts
  4 ice beasts
  63 orc warriors
  22 ogres
  A boggart (Depths:2)
  3 phantoms
  23 wolves
  5 centaurs
  An elf zombie (D:7)
  4 big kobolds
  Blork the orc (D:5)
  2 wyvern zombies
  22 bullfrogs
  An elf skeleton (D:7)
  2 water moccasin zombies (Ossuary)
  5 scorpions
  3 killer bees (D:11)
  9 howler monkeys
  18 wights
  A bullfrog zombie (D:6)
  14 centaur zombies
  A draconian simulacrum (IceCv)
  A quasit (D:15)
  8 hounds
  32 orc wizards
  5 bullfrog skeletons
  6 centaur skeletons
  3 human zombies (D:7)
  21 orc priests
  7 jellies
  5 iguanas
  A human skeleton (D:7)
  10 worker ants
  4 troll simulacra (IceCv)
  2 big kobold zombies (Ossuary)
  A centaur simulacrum (IceCv)
  2 hound zombies
  A hound skeleton (D:4)
  2 mummies (Ossuary)
  2 worker ant zombies
  11 gnolls
  2 naga simulacra (IceCv)
  2 ogre simulacra (IceCv)
  15 adders
  A gnoll (shapeshifter) (Depths:1)
  7 white imps
  6 ufetubi
  3 oozes
  7 adder zombies
  An adder skeleton (D:4)
  A worm (D:2)
  3 dart slugs
  5 leopard geckos
  124 orcs
  A ball python (D:4)
  2 bats
  5 giant cockroaches
  5 goblins
  10 hobgoblins
  16 jackals
  23 kobolds
  5 quokkas
  5 frilled lizards
  3 gnoll zombies (Ossuary)
  6 hobgoblin zombies (Ossuary)
  A jackal zombie (D:6)
  2 kobold zombies (Ossuary)
  A leopard gecko skeleton (D:7)
  4 orc zombies (Ossuary)
  9 rats
1249 creatures vanquished.

Vanquished Creatures (others)
  A fire giant (Depths:2)
  A naga sharpshooter (Snake:4)
  A human (D:14)
  44 fungi
  134 plants
  2 withered plants (Gauntlet)
183 creatures vanquished.

Grand Total: 1432 creatures vanquished

Notes
Turn   | Place    | Note
-------+----------+-------------------------------------------
     0 | D:1      | Lysie the Minotaur Fighter began the quest for the Orb.
     0 | D:1      | Reached XP level 1. HP: 19/19 MP: 0/0
   211 | D:1      | Reached XP level 2. HP: 28/28 MP: 1/1
   589 | D:1      | Reached skill level 5 in Fighting
   818 | D:2      | Reached XP level 3. HP: 28/36 MP: 2/2
  1130 | D:2      | You fall into a shaft and drop 1 floor!
  1149 | D:3      | Found an iron altar of Okawaru.
  1159 | D:3      | Became a worshipper of Warmaster Okawaru
  1749 | D:3      | Reached XP level 4. HP: 37/44 MP: 3/3
  2166 | D:3      | Found a sacrificial altar of Ru.
  2193 | D:3      | Found a shadowy altar of Dithmenos.
  2536 | D:4      | Noticed a phantom
  2713 | D:4      | Killed a phantom
  2713 | D:4      | Reached XP level 5. HP: 41/53 MP: 4/4
  2838 | D:4      | Found a glowing silver altar of Zin.
  2912 | D:4      | Reached XP level 6. HP: 56/62 MP: 5/5
  3234 | D:4      | Reached * piety under Okawaru
  3234 | D:4      | Reached XP level 7. HP: 34/71 MP: 6/6
  3396 | D:4      | Reached skill level 10 in Fighting
  3719 | D:4      | Found a blossoming altar of Fedhas.
  3829 | D:5      | Entered Level 5 of the Dungeon
  4468 | D:5      | Reached XP level 8. HP: 66/82 MP: 7/7
  4936 | D:5      | Reached ** piety under Okawaru
  5097 | D:5      | Found a snail-covered altar of Cheibriados.
  5216 | D:5      | Noticed Blork the orc
  5222 | D:5      | Killed Blork the orc
  5286 | D:5      | Found a white marble altar of Elyvilon.
  5336 | D:5      | Found a basalt altar of Yredelemnul.
  5469 | D:5      | Found a staircase to the Ecumenical Temple.
  5537 | Temple   | Entered the Ecumenical Temple
  5949 | D:6      | Found a sparkling altar of Nemelex Xobeh.
  6019 | D:6      | Reached *** piety under Okawaru
  6019 | D:6      | Reached XP level 9. HP: 78/94 MP: 8/8
  6215 | D:6      | Got a pair of steaming gloves
  6222 | D:6      | Identified the cursed -2 pair of gloves of Zodea {rN+ Str+2
                  | SInv} (You found it on level 6 of the Dungeon)
  6720 | D:7      | Found a sand-covered staircase.
  6734 | Ossuary  | Entered an ossuary
  7113 | D:7      | Noticed Joseph
  7137 | D:7      | Killed Joseph
  7137 | D:7      | Reached skill level 15 in Fighting
  7336 | D:7      | Noticed Prince Ribbit
  7341 | D:7      | Killed Prince Ribbit
  7341 | D:7      | Reached **** piety under Okawaru
  7482 | D:7      | Found Ugikh's Antique Weapon Boutique.
  7862 | D:7      | Found a shimmering blue altar of Sif Muna.
  8220 | D:8      | Reached skill level 5 in Axes
  8220 | D:8      | Reached XP level 10. HP: 107/107 MP: 9/9
  8399 | D:8      | Reached ***** piety under Okawaru
  8447 | D:8      | Found a staircase to the Lair.
  8656 | D:8      | Found an opulent altar of Gozag.
  8676 | D:8      | Found a broken altar of Ashenzari.
  8897 | D:8      | Found a hide-covered altar of Uskayaw.
  9384 | D:9      | Found Jedaappirghu's Armour Shoppe.
  9385 | D:9      | Found a staircase to the Orcish Mines.
  9407 | D:9      | Found Vedeuroi's Weapon Shoppe.
  9796 | D:9      | Noticed a six-headed hydra
  9818 | D:9      | Killed a six-headed hydra
 10107 | D:9      | Reached skill level 10 in Axes
 10137 | D:9      | Found a hazy altar of Hepliaklqana.
 10481 | D:9      | Found an ancient bone altar of Kikubaaqudgha.
 10528 | D:10     | Entered Level 10 of the Dungeon
 10531 | D:10     | Noticed Snorg
 10549 | D:10     | HP: 3/107 [Snorg (12)]
 11009 | D:10     | HP: 4/107 [orc/+0 dagger (2)]
 11307 | D:9      | Identified a scroll of acquirement
 11307 | D:9      | Acquired the +3 ring mail "Ylimeitwu" {-Cast rElec Str+7
                  | Stlth+}
 11366 | D:10     | Noticed an unseen horror
 11370 | D:10     | Killed an unseen horror
 11624 | D:10     | Reached XP level 11. HP: 79/114 MP: 10/10
 11828 | D:10     | Found Nuffat's Assorted Antiques.
 11871 | D:10     | Noticed Erica
 11872 | D:10     | Noticed an unseen horror
 11890 | D:10     | Killed Erica
 11912 | D:10     | Killed an unseen horror
 12022 | D:10     | Reached ****** piety under Okawaru
 12060 | D:10     | Killed Snorg
 12581 | D:11     | Received a gift from Okawaru
 12584 | D:11     | Got a pair of crude gloves {god gift}
 12585 | D:11     | Identified the +1 pair of gloves of the Lizard {rC+ Dex+4
                  | Stlth+} (Okawaru gifted it to you on level 11 of the
                  | Dungeon)
 12948 | D:11     | Noticed Josephine
 12970 | D:11     | Killed Josephine
 13242 | D:11     | Noticed a green ugly thing
 13248 | D:11     | Killed a green ugly thing
 13248 | D:11     | Reached skill level 1 in Dodging
 13248 | D:11     | Reached skill level 4 in Shields
 13418 | D:11     | Noticed an unseen horror
 13422 | D:11     | Killed an unseen horror
 13510 | D:12     | Reached skill level 5 in Shields
 13693 | D:12     | Noticed a boulder beetle
 13701 | D:12     | Killed a boulder beetle
 13701 | D:12     | Reached skill level 6 in Shields
 13701 | D:12     | Reached XP level 12. HP: 75/122 MP: 11/11
 13986 | D:12     | Reached skill level 7 in Shields
 14158 | D:12     | Reached skill level 5 in Dodging
 14175 | D:12     | Received a gift from Okawaru
 14178 | D:12     | Got a glimmering broad axe {god gift}
 14183 | D:12     | Identified the +6 broad axe of Focus {venom, Str+2 Dex+6}
                  | (Okawaru gifted it to you on level 12 of the Dungeon)
 14304 | D:12     | Found Vihif's Book Boutique.
 14343 | D:12     | Reached skill level 8 in Shields
 14343 | D:12     | Noticed Fannar
 14374 | D:12     | Killed Fannar
 14507 | D:12     | Noticed a boulder beetle
 14514 | D:12     | Reached skill level 9 in Shields
 14525 | D:12     | Killed a boulder beetle
 14558 | D:12     | Noticed a centaur warrior
 14566 | D:12     | Noticed a centaur warrior
 14568 | D:12     | Killed a centaur warrior
 14568 | D:12     | Reached skill level 10 in Shields
 14572 | D:12     | Killed a centaur warrior
 15154 | D:13     | Noticed a centaur warrior
 15165 | D:13     | Killed a centaur warrior
 15165 | D:13     | Received a gift from Okawaru
 15165 | D:13     | Reached skill level 11 in Shields
 15602 | D:13     | Reached skill level 12 in Shields
 15697 | D:13     | Reached XP level 13. HP: 128/128 MP: 12/12
 16673 | D:14     | Received a gift from Okawaru
 16673 | D:14     | Reached skill level 5 in Armour
 16946 | D:14     | Reached skill level 15 in Axes
 17249 | D:14     | Found Fegiurph's Antique Weapon Shoppe.
 17253 | D:14     | Noticed Nessos
 17299 | D:14     | Killed Nessos
 17490 | D:14     | Bought a fine war axe for 255 gold pieces
 17490 | D:14     | Identified the +11 war axe of Bile {elec, MR+} (You bought
                  | it in a shop on level 14 of the Dungeon)
 17682 | D:14     | Found a runed translucent gate.
 17682 | D:14     | Found a runed translucent gate.
 17682 | D:14     | Found a runed translucent gate.
 17682 | D:14     | Noticed hemabe71's ghost (adept HuAr)
 17869 | D:14     | Found a gate to the Vaults.
 17951 | D:14     | Identified Roxanne's Guide on Shape Shifting
 17951 | D:14     | Noticed Roxanne
 18273 | D:14     | Killed hemabe71's ghost
 18277 | D:14     | Got a vibrating granite ring
 18287 | D:14     | Identified the ring "Exzonit" {+Blink +Inv Str+6 Int-5}
                  | (You found it on level 14 of the Dungeon)
 18411 | D:15     | Entered Level 15 of the Dungeon
 18515 | D:15     | Acquired the +1 cloak of the Vanishing Shrikes {Rampage rN+
                  | Dex-2}
 19246 | D:15     | Received a gift from Okawaru
 19246 | D:15     | Reached skill level 10 in Armour
 19254 | D:15     | Got a scorched hand axe {god gift}
 19261 | D:15     | Identified the +1 hand axe of Xotsiat {drain, *Slow +Rage
                  | rElec rF-} (Okawaru gifted it to you on level 15 of the
                  | Dungeon)
 19409 | D:15     | Reached XP level 14. HP: 137/137 MP: 13/13
 19426 | D:15     | Found a staircase to the Depths.
 19578 | D:15     | Received a gift from Okawaru
 19581 | D:15     | Got a shimmering scale mail {god gift}
 19593 | D:15     | Identified the +4 scale mail of Freedom {Rampage rF+}
                  | (Okawaru gifted it to you on level 15 of the Dungeon)
 19879 | D:15     | Found a sparkling altar of Nemelex Xobeh.
 19963 | D:15     | Noticed Kirke
 19984 | D:15     | Killed Kirke
 20392 | Lair:1   | Entered Level 1 of the Lair of Beasts
 20392 | Lair:1   | Noticed Harold
 20402 | Lair:1   | Killed Harold
 20549 | Lair:1   | Found a gate leading to a gauntlet.
 20558 | Gauntlet | Entered a Gauntlet
 20558 | Gauntlet | Found a transporter.
 20558 | Gauntlet | Found a transporter.
 20561 | Gauntlet | Found a transporter.
 20561 | Gauntlet | Found a transporter.
 20567 | Gauntlet | Found a transporter.
 20604 | Gauntlet | Found a transporter.
 20607 | Gauntlet | Found a transporter.
 20607 | Gauntlet | Found a transporter.
 20627 | Gauntlet | Found a transporter.
 20637 | Gauntlet | Found a runed translucent gate.
 20638 | Gauntlet | Found a transporter.
 20638 | Gauntlet | Found a runed translucent gate.
 20639 | Gauntlet | Found a runed translucent gate.
 20648 | Gauntlet | Found a transporter.
 20663 | Gauntlet | Found a transporter.
 20685 | Gauntlet | Found a transporter.
 20694 | Gauntlet | Found a runed translucent door.
 20694 | Gauntlet | Found a runed translucent door.
 20698 | Gauntlet | Found a transporter.
 20734 | Gauntlet | Got a steaming copper ring
 20788 | Gauntlet | Reached skill level 10 in Dodging
 20813 | Gauntlet | Identified the ring "Ziecil" {rElec rC+ Dex+3} (You found
                  | it in a Gauntlet)
 22073 | Lair:2   | Received a gift from Okawaru
 22302 | Lair:2   | Found a staircase to the Swamp.
 23257 | Lair:3   | Reached XP level 15. HP: 143/144 MP: 11/14
 23265 | Lair:3   | Received a gift from Okawaru
 23305 | Lair:3   | Got a smoking scale mail {god gift}
 23319 | Lair:3   | Identified the +0 scale mail of the Constellations {rN++
                  | Str-5 Dex+3} (Okawaru gifted it to you on level 3 of the
                  | Lair of Beasts)
 24118 | Lair:4   | Found a runed translucent door.
 24132 | Lair:4   | Found a staircase to the Snake Pit.
 24813 | Lair:4   | Noticed Veteran's ghost (journeyman DECj)
 24824 | Lair:4   | Killed Veteran's ghost
 25951 | Lair:6   | Entered Level 6 of the Lair of Beasts
 26130 | Lair:6   | Received a gift from Okawaru
 26522 | Lair:6   | Reached skill level 15 in Dodging
 27034 | Lair:6   | Got a glimmering mace
 27035 | Lair:6   | Identified the cursed +1 mace of Ykionn {drain, *Noise
                  | Str-4 Int+8 Dex+2} (You found it on level 6 of the Lair of
                  | Beasts)
 27173 | Lair:6   | Found a staircase to the Slime Pits.
 27563 | Orc:1    | Entered Level 1 of the Orcish Mines
 27734 | Orc:1    | Found Hioshit's General Store.
 27742 | Orc:1    | Bought a potion of heal wounds for 75 gold pieces
 27881 | Orc:1    | Found a frozen archway.
 27892 | IceCv    | Entered an ice cave
 27935 | IceCv    | Reached XP level 16. HP: 151/151 MP: 12/15
 28097 | IceCv    | Received a gift from Okawaru
 28102 | IceCv    | Got a masterwork battleaxe {god gift}
 28112 | IceCv    | Identified the +2 battleaxe of Undoing {spect, rF+}
                  | (Okawaru gifted it to you in an ice cave)
 28515 | Orc:2    | Entered Level 2 of the Orcish Mines
 28928 | Orc:2    | Found a roughly hewn altar of Beogh.
 29353 | Orc:2    | Found Qen Bism's Book Emporium.
 29353 | Orc:2    | Found Ubesoj's Armour Boutique.
 29427 | Orc:2    | Found Toquy's Jewellery Emporium.
 29427 | Orc:2    | Found Iffockig's Book Boutique.
 29433 | Orc:2    | Received a gift from Okawaru
 29526 | Orc:2    | Got a polished war axe {god gift}
 29528 | Orc:2    | Identified the +9 war axe "Poschyl" {flame, rElec MR+
                  | Int+4} (Okawaru gifted it to you on level 2 of the Orcish
                  | Mines)
 29532 | Orc:2    | Acquired 437 gold pieces
 29536 | Orc:2    | Acquired the +8 orange crystal plate armour {Archmagi,
                  | Int+3 Clar}
 29537 | Orc:2    | Found the +8 orange crystal plate armour {Archmagi, Int+3
                  | Clar}
 29613 | Orc:2    | Found a staircase to the Elven Halls.
 29992 | Snake:1  | Entered Level 1 of the Snake Pit
 30626 | Snake:1  | Received a gift from Okawaru
 30924 | Snake:1  | Found a runed translucent door.
 30925 | Snake:1  | Found a shimmering altar of Xom.
 30925 | Snake:1  | Noticed twist's ghost (journeyman MiMo)
 30933 | Snake:1  | Upgraded the game from 0.26-a0-737-g4e9f4955e2 to
                  | 0.26-a0-738-g91b530ce93
 30952 | Snake:1  | Killed twist's ghost
 30957 | Snake:1  | Got a fine chain mail
 30960 | Snake:1  | Identified the +7 chain mail "Lige" {rC+} (You found it on
                  | level 1 of the Snake Pit)
 31179 | Snake:2  | Received a gift from Okawaru
 31221 | Snake:2  | Got a pair of heavily runed gloves {god gift}
 31223 | Snake:2  | Identified the +0 pair of gloves of Tufumn {Slay+2}
                  | (Okawaru gifted it to you on level 2 of the Snake Pit)
 31334 | Snake:2  | Reached skill level 13 in Shields
 31429 | Snake:2  | Reached skill level 15 in Armour
 32308 | Snake:3  | Reached XP level 17. HP: 158/158 MP: 16/16
 32633 | Snake:3  | Reached skill level 14 in Shields
 33407 | Snake:3  | Reached skill level 15 in Shields
 33532 | Snake:4  | Entered Level 4 of the Snake Pit
 33669 | Snake:4  | Received a gift from Okawaru
 33672 | Snake:4  | Got a steaming double sword {god gift}
 33673 | Snake:4  | Identified the +6 double sword "Buelieh" {freeze, Fragile
                  | rC+ MR+ Int+6} (Okawaru gifted it to you on level 4 of the
                  | Snake Pit)
 33683 | Snake:4  | Found a runed translucent gate.
 33683 | Snake:4  | Found Wyvuh's Assorted Antiques.
 33684 | Snake:4  | Found a runed translucent gate.
 33684 | Snake:4  | Found a runed translucent gate.
 33684 | Snake:4  | Found an opulent altar of Gozag.
 33684 | Snake:4  | Noticed Lysie's ghost (adept MiFi)
 33798 | Snake:4  | Reached skill level 16 in Shields
 34818 | Snake:4  | Reached skill level 17 in Shields
 35050 | Snake:4  | Received a gift from Okawaru
 35097 | Snake:4  | Got a translucent bardiche {god gift}
 35098 | Snake:4  | Identified the +2 bardiche of Luceu {speed, Str+6 Int+3}
                  | (Okawaru gifted it to you on level 4 of the Snake Pit)
 35478 | Snake:4  | Reached skill level 18 in Shields
 35854 | Snake:4  | Received a gift from Okawaru
 35993 | Snake:4  | Reached XP level 18. HP: 116/166 MP: 15/17
 36010 | Snake:4  | Got a serpentine rune of Zot
 36438 | Snake:4  | Reached skill level 19 in Shields
 36505 | Snake:4  | HP: 8/166 [poisoned by a naga mage (poison arrow)]
 37347 | Snake:4  | Killed Lysie's ghost
 37347 | Snake:4  | Received a gift from Okawaru
 37655 | Snake:4  | Bought a scroll of teleportation for 78 gold pieces
 37655 | Snake:4  | Bought a scroll of identify for 52 gold pieces
 37655 | Snake:4  | Bought a scroll of identify for 52 gold pieces
 37979 | Depths:1 | Entered Level 1 of the Depths
 37979 | Depths:1 | Found Laistral's Weapon Boutique.
 38051 | Depths:1 | Noticed a lich
 38056 | Depths:1 | Killed a lich
 38056 | Depths:1 | Reached skill level 20 in Shields
 38128 | Depths:1 | Bought the +7 glaive of Brawling {holy, Str+3 SInv Stlth+}
                  | for 737 gold pieces
 38378 | Depths:1 | Noticed a lich
 38395 | Depths:1 | Received a gift from Okawaru
 38761 | Depths:1 | Found Anuvvus's Gadget Shop.
 38762 | Depths:1 | Found Werchun's Jewellery Emporium.
 38763 | Depths:1 | Found Luokkeqiett's Gadget Shop.
 38779 | Depths:1 | Bought the ring of Cesoc {rN+ Str+6 Dex+2} for 657 gold
                  | pieces
 38889 | Depths:1 | Found a gateway to Hell.
 39146 | Depths:2 | Reached skill level 21 in Shields
 39904 | Depths:2 | Noticed a lich
 39919 | Depths:2 | Killed from afar by a lich

Illustrated notes

Levels and vault maps discovered:
D:1:      dpeg_arrival_boxorama, layout_loops_corners
D:2:      layout_loops_cross
D:3:      layout_basic, nicolae_overflow_hidden_temple,
          kennysheep_okawaru_gauntlet, lemuel_crystal_altar, minmay_cut_off
D:4:      minmay_opposing_rooms, layout_gridville, fedhas_altar_4,
          nicolae_overflow_crystal_walls, kennysheep_boxes
D:5:      layout_loops_ring, kennysheep_ying_yang, kennysheep_slug_shrine,
          minmay_temple_entry_nine_rooms, minmay_starry_boxes,
          uniq_blork_the_orc
D:6:      layout_loops_ring, nemelex_lonely_heart_becter
D:7:      layout_gridville, led_sif_book, nicolae_ossuary_entry_catacombs,
          serial_shops, nicolae_shop_trees, uniq_prince_ribbit1, uniq_joseph
D:8:      layout_basic, lemuel_doored_altar,
          nicolae_gozag_cash_rules_everything_around_me,
          ashenzari_conservatory_becter, grunt_lair_entry_orc_guard_hut
D:9:      layout_loops_cross, kennysheep_mini, orc_david_3, minmay_ruined_shrine
D:10:     layout_small_grid, serial_shops, shop, chequers_serial_rivers_small_3,
          uniq_erica, uniq_snorg
D:11:     layout_basic, enter_bailey_2, uniq_josephine
D:12:     minmay_open_boxes_in_corner, layout_basic, serial_shops,
          nicolae_shop_crystal, uniq_fannar
D:13:     layout_layer_cave
D:14:     layout_basic, ximxim_vaults_locker_room, ebering_ghost_rock_garden,
          dk_noncrumbling_4, serial_shops, nicolae_shop_statue_plus,
          uniq_nessos, uniq_roxanne
D:15:     grunt_enter_depths_magical_seal, layout_long_grid,
          lemuel_crystal_altar, serial_bayou_lagoon_a, uniq_kirke
Temple:   dpeg_three_leaves_temple
Lair:1:   layout_hall_layers, gauntlet_entry_generic, grunt_megastairs_4,
          uniq_harold
Lair:2:   layout_small_grid, skrybe_swamp_entry_bodies, serial_bayou_shore_b,
          lemuel_fruit_tree, grunt_megastairs_1
Lair:3:   layout_long_grid, beast_lair_carwin_1
Lair:4:   layout_regular_city, guppyfry_snake_entry_island,
          ebering_ghost_reflecting_pool, minmay_lindwurm_lava
Lair:5:   layout_regular_city, grunt_megastairs_3
Lair:6:   hangedman_lair_tendril_chambers, layout_regular_city,
          minmay_slime_entry_pillars
Snake:1:  layout_rooms, ebering_ghost_xom
Snake:2:  layout_misc_corridors, nicolae_snake_salamander_stairs
Snake:3:  layout_layer_cave, special_room
Snake:4:  grunt_snake_rune_spirals, layout_onion, ebering_ghost_gozag
Orc:1:    layout_caves, serial_shops, nicolae_shop_competitors_out_of_business,
          portal_ice_cave_demonic_guard
Orc:2:    st_orc_town, layout_caves, nicolae_orc_pool_cavern
Depths:1: layout_basic, serial_shops, nicolae_shop_waterfront,
          serial_bayou_pond_c, lightli_too_deep, kennysheep_nub,
          kennysheep_generic_room_9, minmay_shop_grove
Depths:2: hangedman_six_sided_sadism, layout_cave_pools,
          pf_hell_entry_tar_spiral, serial_sigils, serial_sigils_hangedman_leer,
          serial_sigils_hangedman_snap, serial_sigils_hangedman_confine

Skill      XL: |  1  2  3  4  5  6  7  8  9 10 11 12 13 14 15 16 17 18 |
---------------+-------------------------------------------------------+-----
Fighting       | 4 5 7 8 9 11 13 16 | 16.0
Axes           | 5 11 14 16 | 16.6
Dodging        | 3 7 12 15 17 | 17.9
Shields        | 6 12 13 18 21 | 21.9
Armour         | 10 12 13 15 | 15.2

Action                   |  1- 3 |  4- 6 |  7- 9 | 10-12 | 13-15 | 16-18 || total
-------------------------+-------+-------+-------+-------+-------+-------++-------
Melee: War axe           |    77 |    69 |   288 |   334 |   713 |  1186 ||  2667
       Headbutt          |    11 |     8 |    64 |   124 |   234 |   363 ||   804
       Dire flail        |       |       |       |     9 |       |       ||     9
       Broad axe         |       |       |       |    92 |    49 |       ||   141
Throw: Boomerang         |       |       |       |     1 |       |       ||     1
Invok: Heroism           |       |       |     2 |    12 |    13 |    18 ||    45
       Finesse           |       |       |       |     2 |       |     1 ||     3
 Abil: Evoke Flight      |       |       |       |       |     1 |       ||     1
Evoke: Wand              |       |       |       |     1 |     1 |       ||     2
  Use: Scroll            |     3 |       |    18 |    13 |    11 |     9 ||    54
       Potion            |       |       |       |     4 |     2 |    10 ||    16
 Stab: Sleeping          |       |       |       |     2 |    13 |    12 ||    27
       Distracted        |       |       |       |       |     3 |     5 ||     8
Armor: Scale mail        |    27 |    25 |    88 |    16 |       |       ||   156
       Ring mail         |       |       |       |    32 |   106 |    76 ||   214
Dodge: Dodged            |    31 |    19 |    78 |   156 |   314 |   474 ||  1072
Block: Kite shield       |    38 |    34 |   135 |   255 |   470 |   722 ||  1654

Table legend: (Time is in decaauts)
 A = Elapsed time spent in this place.
 B = Non-inter-level travel time spent in this place.
 C = Inter-level travel time spent in this place.
 D = Time resting spent in this place.
 E = Time spent auto-exploring this place.
 F = Levels seen in this place.
 G = Mean time per level.
                   A        B        C        D        E       F      G
               +--------+--------+--------+--------+--------+-----+--------+
         Total |  39593 |  37682 |   1911 |   5349 |  24812 |  33 | 1199.8 |
       Dungeon |  20427 |  19284 |   1143 |   3023 |  12986 |  15 | 1361.8 |
        Temple |     83 |     68 |     15 |      0 |     67 |   1 |   83.0 |
          Lair |   6727 |   6358 |    369 |      0 |   5419 |   6 | 1121.2 |
     Snake Pit |   7556 |   7272 |    284 |   1831 |   3952 |   4 | 1889.0 |
  Orcish Mines |   1907 |   1831 |     76 |    208 |   1069 |   2 |  953.5 |
        Depths |   1878 |   1855 |     23 |    185 |   1184 |   2 |  939.0 |
       Ossuary |    267 |    267 |      0 |     72 |      0 |   1 |  267.0 |
      Ice Cave |    336 |    336 |      0 |      0 |    122 |   1 |  336.0 |
      Gauntlet |    407 |    407 |      0 |     30 |     12 |   1 |  407.0 |
               +--------+--------+--------+--------+--------+-----+--------+

Top non-repeatable levels by time:
 Snake:4: 4019 daAuts
     D:9: 2016 daAuts
    D:15: 1872 daAuts
    D:14: 1862 daAuts
    D:12: 1552 daAuts
 Snake:3: 1532 daAuts
    D:13: 1529 daAuts
     D:5: 1502 daAuts
     D:8: 1478 daAuts
     D:4: 1472 daAuts
  Lair:6: 1461 daAuts
     D:7: 1266 daAuts
  Lair:3: 1192 daAuts
     D:3: 1139 daAuts
  Lair:2: 1129 daAuts
